General information
			
			
        
        - name: BNet
 
        - type: Ladder team game (AT/RT)
 
        - host: Battle.net
 
        - saver: TIMG4STRok
 
        
map: Friends 
        - players: 8
 
        - length: 39:03
 
        - speed: Fast
 - version: 1.22 W3XP
 - replay type:  

 
» download(361 KB)
Players
        team 1 (winner) 
              
              
BirdManDoes4s (
yellow | 106 APM | 4145 actions | 39:02)
              
 8 Blademaster 
 3 Wind Walk
 3 Critical Strike
 1 Bladestorm
 1 Mirror Image
 
                » actions 
                
                | Assign group hotkey | 42 |  | 
| Basic commands | 162 |  | 
| Build / train | 122 |  | 
| ESC pressed | 13 |  | 
| Enter build submenu | 23 |  | 
| Enter hero's abilities submenu | 8 |  | 
| Right click | 2524 |  | 
| Select / deselect | 640 |  | 
| Select group hotkey | 331 |  | 
| Use ability | 280 |  | 
                4145 total
 » units 
                
                | Peon | 16 |  | 
| Grunt | 5 |  | 
| Troll Batrider | 64 |  | 
| Wind Rider | 1 |  | 
                86 total
 » upgrades
                
                | Reinforced Defenses | 1 |  | 
| Liquid Fire | 2 |  | 
                3 total
 » buildings
                
                | Altar of Storms | 2 |  | 
| Orc Burrow | 9 |  | 
| Barracks | 1 |  | 
| Voodoo Lounge | 1 |  | 
| Stronghold | 2 |  | 
| Beastiary | 3 |  | 
| War Mill | 2 |  | 
| Fortress | 1 |  | 
| Spirit Lodge | 1 |  | 
                22 total
 » build order
                00:04 Altar of Storms
00:07 Orc Burrow
00:27 Barracks
01:40 Orc Burrow
02:05 Voodoo Lounge
04:15 Stronghold
05:36 Orc Burrow
07:02 Beastiary
07:43 Orc Burrow
10:37 War Mill
10:40 Orc Burrow
11:48 War Mill
11:50 Fortress
14:59 Spirit Lodge
15:02 Orc Burrow
20:32 Altar of Storms
25:06 Orc Burrow
25:08 Orc Burrow
25:11 Beastiary
25:13 Beastiary
33:38 Orc Burrow
» items
                
                | Rod of Necromancy | 2 |  | 
| Potion of Healing | 4 |  | 
| Lesser Clarity Potion | 4 |  | 
| Healing Salve | 1 |  | 
| Scroll of Town Portal | 4 |  | 
| Inferno Stone | 1 |  | 
| Potion of Mana | 2 |  | 
| Orb of Lightning | 1 |  | 
| Tiny Great Hall | 2 |  | 
                21 total
  
               
              
              
DK.fighting (
pink | 72 APM | 2807 actions | 39:02)
              
 6 Death Knight 
 3 Death Coil
 2 Unholy Aura
 1 Animate Dead
 5 Lich 
 3 Frost Nova
 2 Frost Armor
 3 Crypt Lord 
 2 Impale
 1 Spiked Carapace
 
                » actions 
                
                | Assign group hotkey | 7 |  | 
| Basic commands | 14 |  | 
| Build / train | 97 |  | 
| Enter build submenu | 32 |  | 
| Enter hero's abilities submenu | 16 |  | 
| Give item / drop item | 3 |  | 
| Right click | 1708 |  | 
| Select / deselect | 696 |  | 
| Select group hotkey | 19 |  | 
| Use ability | 215 |  | 
                2807 total
 » units 
                
                | Acolyte | 19 |  | 
| Ghoul | 9 |  | 
| Crypt Fiend | 15 |  | 
| Frost Wyrm | 7 |  | 
| Goblin Zeppelin | 1 |  | 
                51 total
 » upgrades
                
                | Web | 1 |  | 
| Creature Attack | 1 |  | 
| Creature Carapace | 1 |  | 
| Burrow | 1 |  | 
                4 total
 » buildings
                
                | Graveyard | 2 |  | 
| Crypt | 2 |  | 
| Altar of Darkness | 1 |  | 
| Ziggurat | 8 |  | 
| Tomb of Relics | 2 |  | 
| Nerubian Tower | 1 |  | 
| Spirit Tower | 5 |  | 
| Halls of the Dead | 1 |  | 
| Sacrificial Pit | 1 |  | 
| Black Citadel | 1 |  | 
| Boneyard | 2 |  | 
| Necropolis | 1 |  | 
                27 total
 » build order
                00:24 Graveyard
00:28 Crypt
00:52 Altar of Darkness
01:02 Ziggurat
02:04 Tomb of Relics
02:05 Tomb of Relics
02:09 Nerubian Tower
02:23 Ziggurat
03:38 Spirit Tower
06:30 Ziggurat
07:23 Spirit Tower
08:00 Halls of the Dead
12:04 Sacrificial Pit
12:11 Ziggurat
13:32 Black Citadel
14:18 Spirit Tower
16:04 Boneyard
17:22 Boneyard
18:23 Ziggurat
19:36 Ziggurat
19:45 Ziggurat
27:45 Graveyard
33:54 Necropolis
35:15 Crypt
37:53 Spirit Tower
38:10 Ziggurat
38:21 Spirit Tower
» items
                
                | Rod of Necromancy | 2 |  | 
| Scroll of Town Portal | 7 |  | 
| Healing Salve | 1 |  | 
| Lesser Clarity Potion | 2 |  | 
| Potion of Mana | 1 |  | 
| Scroll of Regeneration | 2 |  | 
| Potion of Healing | 2 |  | 
                17 total
  
               
              
              
KNIFE]NOOBELF (
teal | 80 APM | 3106 actions | 39:02)
              
 7 Mountain King 
 3 Storm Bolt
 3 Bash
 1 Avatar
 1 Paladin 
 1 Holy Light
 
                » actions 
                
                | Assign group hotkey | 102 |  | 
| Basic commands | 67 |  | 
| Build / train | 95 |  | 
| ESC pressed | 1 |  | 
| Enter build submenu | 36 |  | 
| Enter hero's abilities submenu | 8 |  | 
| Right click | 1598 |  | 
| Select / deselect | 461 |  | 
| Select group hotkey | 612 |  | 
| Use ability | 126 |  | 
                3106 total
 » units 
                
                | Peasant | 26 |  | 
| Rifleman | 8 |  | 
| Siege Engine | 13 |  | 
| Goblin Zeppelin | 1 |  | 
                48 total
 » upgrades
                
                | Gunpowder | 3 |  | 
| Flak Cannons | 1 |  | 
| Barrage | 1 |  | 
| Plating | 3 |  | 
                8 total
 » buildings
                
                | Lumber Mill | 2 |  | 
| Altar of Kings | 1 |  | 
| Farm | 14 |  | 
| Blacksmith | 1 |  | 
| Barracks | 1 |  | 
| Scout Tower | 7 |  | 
| Guard Tower | 5 |  | 
| Arcane Vault | 1 |  | 
| Keep | 1 |  | 
| Workshop | 3 |  | 
| Castle | 1 |  | 
| Town Hall | 1 |  | 
                38 total
 » build order
                00:24 Lumber Mill
00:39 Altar of Kings
00:53 Farm
01:44 Blacksmith
01:55 Barracks
02:08 Farm
02:15 Farm
02:21 Scout Tower
05:05 Guard Tower
05:09 Scout Tower
05:26 Scout Tower
05:27 Scout Tower
05:28 Scout Tower
06:01 Guard Tower
06:28 Guard Tower
06:39 Guard Tower
06:41 Scout Tower
06:42 Scout Tower
07:18 Guard Tower
08:42 Farm
08:44 Farm
09:03 Farm
09:04 Farm
09:06 Lumber Mill
11:49 Farm
11:50 Farm
11:52 Farm
11:52 Farm
11:58 Arcane Vault
12:56 Keep
15:18 Workshop
15:20 Workshop
16:11 Castle
29:52 Workshop
33:53 Farm
34:43 Farm
34:49 Farm
38:17 Town Hall
» items
                
                | Healing Salve | 1 |  | 
| Scroll of Town Portal | 5 |  | 
| Lesser Clarity Potion | 4 |  | 
| Scroll of Regeneration | 3 |  | 
| Potion of Healing | 6 |  | 
| Orb of Fire | 1 |  | 
| Potion of Mana | 2 |  | 
                22 total
  
               
              
              
» 
TIMG4STRok (
blue | 150 APM | 5860 actions | 39:03)
              
 8 Tauren Chieftain 
 3 Shockwave
 3 Endurance Aura
 1 Reincarnation
 1 War Stomp
 6 Shadow Hunter 
 3 Hex
 3 Healing Wave
 
                » actions 
                
                | Assign group hotkey | 52 |  | 
| Basic commands | 164 |  | 
| Build / train | 112 |  | 
| ESC pressed | 5 |  | 
| Enter build submenu | 26 |  | 
| Enter hero's abilities submenu | 14 |  | 
| Right click | 2459 |  | 
| Select / deselect | 380 |  | 
| Select group hotkey | 2412 |  | 
| Use ability | 236 |  | 
                5860 total
 » units 
                
                | Peon | 8 |  | 
| Grunt | 6 |  | 
| Wind Rider | 1 |  | 
| Troll Batrider | 34 |  | 
| Raider | 1 |  | 
| Goblin Zeppelin | 1 |  | 
                51 total
 » upgrades
                
                | Spiked Barricades | 1 |  | 
| Reinforced Defenses | 1 |  | 
| Liquid Fire | 1 |  | 
                3 total
 » buildings
                
                | Altar of Storms | 1 |  | 
| Orc Burrow | 4 |  | 
| Barracks | 1 |  | 
| Voodoo Lounge | 1 |  | 
| Stronghold | 1 |  | 
| War Mill | 1 |  | 
| Beastiary | 2 |  | 
| Fortress | 1 |  | 
| Watch Tower | 15 |  | 
| Great Hall | 1 |  | 
                28 total
 » build order
                00:02 Altar of Storms
00:20 Orc Burrow
00:44 Barracks
01:30 Orc Burrow
02:26 Voodoo Lounge
03:20 Stronghold
04:27 War Mill
05:48 Orc Burrow
06:35 Beastiary
08:39 Beastiary
10:43 Orc Burrow
10:45 Fortress
10:49 Watch Tower
10:50 Watch Tower
13:35 Watch Tower
15:08 Watch Tower
15:09 Watch Tower
21:04 Watch Tower
21:05 Watch Tower
36:31 Great Hall
36:35 Watch Tower
36:36 Watch Tower
36:47 Watch Tower
36:47 Watch Tower
37:58 Watch Tower
37:59 Watch Tower
37:59 Watch Tower
37:59 Watch Tower
» items
                
                | Healing Salve | 7 |  | 
| Lesser Clarity Potion | 11 |  | 
| Potion of Healing | 4 |  | 
| Potion of Mana | 5 |  | 
| Scroll of Town Portal | 6 |  | 
| Orb of Lightning | 2 |  | 
| Scroll of Speed | 3 |  | 
                38 total
  
               team 2 (loser) 
              
              
B4K4 (
red | 25 APM | 968 actions | 39:02)
              
 3 Goblin Tinker 
 2 Pocket Factory
 1 Engineering Upgrade
 
                » actions 
                
                | Assign group hotkey | 4 |  | 
| Build / train | 38 |  | 
| Enter build submenu | 12 |  | 
| Enter hero's abilities submenu | 3 |  | 
| Right click | 598 |  | 
| Select / deselect | 209 |  | 
| Select group hotkey | 10 |  | 
| Use ability | 94 |  | 
                968 total
 » units 
                » buildings
                
                | Moon Well | 2 |  | 
| Altar of Elders | 2 |  | 
| Tree of Life | 6 |  | 
                10 total
 » build order
                00:24 Moon Well
01:27 Altar of Elders
14:42 Tree of Life
15:31 Tree of Life
18:48 Moon Well
19:16 Altar of Elders
19:39 Tree of Life
30:20 Tree of Life
31:28 Tree of Life
32:14 Tree of Life
 
               
              
              
Misiu10 (
purple | 72 APM | 2801 actions | 39:02)
              
 5 Goblin Tinker 
 3 Pocket Factory
 2 Engineering Upgrade
 4 Death Knight 
 2 Death Coil
 2 Unholy Aura
 
                » actions 
                
                | Assign group hotkey | 153 |  | 
| Basic commands | 204 |  | 
| Build / train | 90 |  | 
| Enter build submenu | 21 |  | 
| Enter hero's abilities submenu | 9 |  | 
| Give item / drop item | 1 |  | 
| Remove unit from queue | 4 |  | 
| Right click | 1005 |  | 
| Select / deselect | 505 |  | 
| Select group hotkey | 726 |  | 
| Use ability | 83 |  | 
                2801 total
 » units 
                
                | Acolyte | 2 |  | 
| Ghoul | 11 |  | 
| Gargoyle | 8 |  | 
| Frost Wyrm | 21 |  | 
| Crypt Fiend | 10 |  | 
| Goblin Zeppelin | 2 |  | 
                54 total
 » upgrades
                
                | Cannibalize | 1 |  | 
| Unholy Strength | 1 |  | 
| Creature Attack | 3 |  | 
| Creature Carapace | 3 |  | 
| Ghoul Frenzy | 1 |  | 
| Freezing Breath | 1 |  | 
| Web | 1 |  | 
| Burrow | 1 |  | 
                12 total
 » buildings
                
                | Crypt | 2 |  | 
| Ziggurat | 10 |  | 
| Altar of Darkness | 1 |  | 
| Halls of the Dead | 1 |  | 
| Graveyard | 1 |  | 
| Tomb of Relics | 1 |  | 
| Black Citadel | 1 |  | 
| Sacrificial Pit | 1 |  | 
| Boneyard | 5 |  | 
| Spirit Tower | 4 |  | 
| Necropolis | 1 |  | 
                28 total
 » build order
                00:11 Crypt
00:13 Crypt
00:19 Ziggurat
00:22 Ziggurat
00:56 Altar of Darkness
01:03 Ziggurat
02:11 Halls of the Dead
03:51 Ziggurat
03:52 Graveyard
03:54 Tomb of Relics
05:56 Black Citadel
07:32 Sacrificial Pit
08:39 Boneyard
08:40 Boneyard
08:41 Boneyard
08:43 Ziggurat
08:44 Ziggurat
08:45 Ziggurat
08:45 Ziggurat
08:47 Ziggurat
08:48 Ziggurat
18:41 Spirit Tower
23:07 Spirit Tower
23:08 Spirit Tower
23:10 Spirit Tower
25:06 Boneyard
25:07 Boneyard
35:26 Necropolis
» items
                
                | Scroll of Town Portal | 3 |  | 
| Potion of Healing | 2 |  | 
                5 total
  
               
              
              
SIRFISHINGKIll (
green | 86 APM | 3355 actions | 39:02)
              
 7 Goblin Tinker 
 3 Pocket Factory
 2 Engineering Upgrade
 1 Robo-Goblin
 1 Cluster Rockets
 7 Goblin Alchemist 
 3 Healing Spray
 2 Acid Bomb
 1 Transmute
 1 Chemical Rage
 
                » actions 
                
                | Assign group hotkey | 213 |  | 
| Basic commands | 42 |  | 
| Build / train | 95 |  | 
| Enter build submenu | 20 |  | 
| Enter hero's abilities submenu | 14 |  | 
| Give item / drop item | 2 |  | 
| Remove unit from queue | 1 |  | 
| Right click | 1448 |  | 
| Select / deselect | 726 |  | 
| Select group hotkey | 611 |  | 
| Use ability | 182 |  | 
                3355 total
 » units 
                
                | Acolyte | 2 |  | 
| Ghoul | 18 |  | 
| Frost Wyrm | 19 |  | 
| Crypt Fiend | 7 |  | 
| Goblin Zeppelin | 2 |  | 
                48 total
 » upgrades
                
                | Unholy Strength | 1 |  | 
| Ghoul Frenzy | 1 |  | 
| Creature Carapace | 3 |  | 
| Creature Attack | 2 |  | 
| Web | 1 |  | 
| Freezing Breath | 1 |  | 
                9 total
 » buildings
                
                | Crypt | 2 |  | 
| Ziggurat | 9 |  | 
| Altar of Darkness | 1 |  | 
| Graveyard | 2 |  | 
| Halls of the Dead | 2 |  | 
| Black Citadel | 1 |  | 
| Sacrificial Pit | 1 |  | 
| Boneyard | 4 |  | 
| Tomb of Relics | 1 |  | 
                23 total
 » build order
                00:11 Crypt
00:13 Crypt
00:21 Ziggurat
00:22 Ziggurat
00:44 Altar of Darkness
01:22 Graveyard
01:30 Ziggurat
02:14 Ziggurat
02:54 Halls of the Dead
03:58 Graveyard
04:50 Ziggurat
04:50 Ziggurat
05:19 Black Citadel
05:22 Sacrificial Pit
06:23 Ziggurat
08:09 Boneyard
08:09 Boneyard
08:10 Boneyard
08:11 Boneyard
12:41 Tomb of Relics
14:42 Ziggurat
14:43 Ziggurat
» items
                
                | Scroll of Town Portal | 6 |  | 
| Rod of Necromancy | 1 |  | 
| Potion of Healing | 2 |  | 
| Healing Salve | 3 |  | 
| Scroll of Speed | 2 |  | 
| Potion of Mana | 1 |  | 
| Lesser Clarity Potion | 1 |  | 
                16 total
  
               
              
              
Windt (
orange | 43 APM | 1669 actions | 39:02)
              
 7 Goblin Tinker 
 3 Pocket Factory
 3 Engineering Upgrade
 1 Robo-Goblin
 
                » actions 
                
                | Assign group hotkey | 6 |  | 
| Basic commands | 6 |  | 
| Build / train | 65 |  | 
| Enter build submenu | 12 |  | 
| Enter hero's abilities submenu | 7 |  | 
| Give item / drop item | 2 |  | 
| Right click | 1289 |  | 
| Select / deselect | 229 |  | 
| Select group hotkey | 6 |  | 
| Use ability | 46 |  | 
                1669 total
 » units 
                
                | Peon | 10 |  | 
| Troll Batrider | 23 |  | 
| Wind Rider | 12 |  | 
                45 total
 » upgrades
                
                | Melee Weapons | 1 |  | 
| Ranged Weapons | 1 |  | 
| Armor | 1 |  | 
                3 total
 » buildings
                
                | Orc Burrow | 7 |  | 
| Altar of Storms | 1 |  | 
| Stronghold | 1 |  | 
| War Mill | 1 |  | 
| Voodoo Lounge | 1 |  | 
| Beastiary | 2 |  | 
                13 total
 » build order
                00:09 Orc Burrow
01:15 Altar of Storms
15:29 Stronghold
15:34 Orc Burrow
15:42 Orc Burrow
15:55 War Mill
17:10 Orc Burrow
17:14 Voodoo Lounge
18:26 Beastiary
18:30 Beastiary
19:10 Orc Burrow
19:37 Orc Burrow
19:43 Orc Burrow
» items
                
                | Healing Salve | 4 |  | 
| Scroll of Town Portal | 4 |  | 
                8 total
  
                Chat log
          (00:07 / All) SIRFISHINGKIll: : )
(00:12 / All) TIMG4STRok:  (
(00:25 / All) SIRFISHINGKIll: Nm
(03:23 / Allies) DK.fighting: gold
(04:23 / Allies) BirdManDoes4s: tower
(11:42 / Allies) TIMG4STRok: surround main with farms or some shit
(21:53 / Allies) DK.fighting: aw fuck
(26:05 / Allies) DK.fighting: ugh i cant expo thhey gonna hit again
(26:25 / Allies) KNIFE]NOOBELF: keep frosts backl
(30:01 / All) SIRFISHINGKIll: transmute is active XD
(30:09 / Allies) DK.fighting: fack
(30:51 / Allies) BirdManDoes4s: yo
(30:53 / Allies) BirdManDoes4s: pick up my bm
(30:55 / Allies) BirdManDoes4s: im tiny halling it
(32:44 / Allies) BirdManDoes4s: share
(32:46 / Allies) BirdManDoes4s: pinjk
(33:05 / Allies) DK.fighting: i shared at beginning
(33:09 / Allies) DK.fighting: oo
(33:13 / Allies) BirdManDoes4s: tiny halling
(33:14 / Allies) BirdManDoes4s: this
(33:16 / Allies) BirdManDoes4s: so i can feed u
(33:28 / Allies) DK.fighting: k
(36:09 / Allies) DK.fighting: gold meh
(37:15 / All) BirdManDoes4s: dam woc
(37:17 / All) BirdManDoes4s: protocol
(37:18 / All) BirdManDoes4s: loses again
(37:22 / All) BirdManDoes4s: Surprise
(37:25 / All) BirdManDoes4s: Surprise
(37:41 / All) SIRFISHINGKIll: this isnt proto lol
(38:28 / All) BirdManDoes4s: wyrm reliance though
(38:30 / All) BirdManDoes4s: and a lot of it